 Dungeon Crawl Stone Soup version 0.30.0-15-g856e2d3f33 (webtiles) character file.

Game seed: 23063577791698195

20311 qw the Cleaver (level 12, -12/76 HPs)
             Began as a Gargoyle Fighter on May 20, 2023.
             Was an Elder of Okawaru.
             Killed from afar by an efreet (17 damage)
             ... with a bolt of fire
             ... on level 1 of the Abyss.
             The game lasted 00:05:25 (11416 turns).

qw the Cleaver (Gargoyle Fighter)                  Turns: 11416, Time: 00:05:26

Health: -12/76     AC: 35    Str: 31    XL:     12   Next: 78%
Magic:  19/19      EV: 15    Int:  9    God:    Okawaru [****..]
Gold:   466        SH: 12    Dex:  9    Spells: 11/11 levels left

rFire   . . .        Y - +3 war axe (flame)
rCold   . . .        f - +0 kite shield
rNeg    + . .        i - +0 plate armour
rPois   inf          t - +2 helmet
rElec   +            s - +0 cloak
rCorr   .            h - +0 pair of gloves
SInv    .            g - +2 pair of boots
Will    .....        (no amulet) Stlth
                     m - +5 ring of evasion
HPRegen 0.32/turn    n - +6 ring of strength
MPRegen 0.16/turn

%: no passive effects
@: about to teleport, heroic
A: sickness immunity, AC +8, negative energy resistance 1, electricity
resistance, torment resistance 1, petrification resistance
a: Renounce Religion, Heroism, Finesse


You were on level 1 of the Abyss.
You worshipped Okawaru.
Okawaru was greatly pleased with you.
You visited 3 branches of the dungeon, and saw 14 of its levels.
You visited the Abyss 1 time.

You collected 979 gold pieces.
You spent 513 gold pieces at shops.


Innate Abilities, Weirdness & Mutations

You are immune to sickness and miasma.
Your stone body is resilient. (AC +8)
You are immune to poison.
You resist negative energy. (rN+)
You are resistant to electric shocks. (rElec)
You are resistant to unholy torment.
You are immune to petrification.


   Skills:
 - Level 9.1(14.1) Fighting
 + Level 11.5(16.5) Axes
 - Level 1.8(6.8) Throwing
 - Level 9.0(14.0) Armour
 - Level 2.0(7.0) Dodging
 - Level 10.1(15.1) Shields
 - Level 10.0 Invocations


You had 11 spell levels left.
You didn't know any spells.
Your spell library was empty.

Inventory:

Hand Weapons
 Y - a +3 war axe of flaming (weapon)
Missiles
 e - a boomerang (quivered)
Armour
 f - a +0 kite shield (worn)
 g - a +2 pair of boots (worn)
 h - a +0 pair of gloves (worn)
 i - a +0 plate armour (worn)
 s - a +0 cloak (worn)
 t - a +2 helmet (worn)
Jewellery
 m - a +5 ring of evasion (left hand)
 n - a +6 ring of strength (right hand)
 v - a ring of resist corrosion
Scrolls
 c - 3 scrolls of teleportation
 p - 7 scrolls of identify
Potions
 a - 3 potions of curing
 d - 6 potions of might
 j - a potion of cancellation
 k - a potion of haste
 o - 3 potions of lignification
 r - 3 potions of attraction
 w - a potion of resistance

Dungeon Overview and Level Annotations

Branches:
Dungeon (10/15)            Temple (1/1) D:4            Lair (3/5) D:10
  Swamp (0/4) Lair:3       Spider (0/4) Lair:3
    Orc: D:9-12

Altars:
Ashenzari
Cheibriados
Dithmenos
Elyvilon
Fedhas
Gozag
Hepliaklqana
Kikubaaqudgha
Makhleb
Nemelex Xobeh
Okawaru
Qazlal
Ru
Sif Muna
Trog
Uskayaw
Vehumet
Wu Jian
Xom
Yredelemnul
Zin
The Shining One

Shops:
D:2 (   D:4 ?   D:5 (   D:8 *   D:10 *

Annotations:
Lair:3 Sonja


Message History

The quicksilver dragon breathes dispelling energy at you.
The bolt of dispelling energy hits you.
You feel strangely stable.
You hear an angry hiss.
You barely miss the quicksilver dragon.
The quicksilver dragon is moderately wounded.
You block the quicksilver dragon's attack.
The quicksilver dragon claws you but does no damage.
You slice the quicksilver dragon!! You burn the quicksilver dragon!
The quicksilver dragon is heavily wounded.
You block the quicksilver dragon's attack.
The quicksilver dragon claws you but does no damage.
You slash the quicksilver dragon! You burn the quicksilver dragon.
The quicksilver dragon is severely wounded.
The quicksilver dragon bites you but does no damage.
The quicksilver dragon claws you but does no damage.
You slash the quicksilver dragon! You burn the quicksilver dragon.
The quicksilver dragon is almost dead.
You block the quicksilver dragon's attack.
The quicksilver dragon barely misses you.
The quicksilver dragon breathes dispelling energy at you.
The bolt of dispelling energy hits you!!
11414 ||| READING 4 scrolls of teleportation.
As you read the scroll of teleportation, it crumbles to dust.
You feel strangely unstable.
You feel the power of the Abyss delaying your translocation!
An efreet comes into view.
It is wielding a +4 scimitar of flaming.
The quicksilver dragon bites you but does no damage.
The quicksilver dragon barely misses you.
You slash the quicksilver dragon! You burn the quicksilver dragon.
The quicksilver dragon is almost dead.
The quicksilver dragon bites you but does no damage.
The quicksilver dragon closely misses you.
You miss the quicksilver dragon.
The quicksilver dragon is almost dead.
You block the quicksilver dragon's attack.
The quicksilver dragon barely misses you.
The efreet gestures at you. The bolt of fire hits you!
You die...

###..##...#.#
...........###
...>....#.'. #
...#...#'.# .
#......#.# ~.
#....\...#.# .
#.D..#...#
.#.@.....#
#.#......# ....
..#..###
...........# ...
~~........#
.....~....#....
.......R.#..####
. \~.~~0#..# # .
#.~70 #. .#.


You could see a quicksilver dragon and an efreet.

Vanquished Creatures
  Erica (Lair:1)
  2 catoblepae
  A two-headed ogre (D:9)
  2 bog bodies (Lair:3)
  6 elephants (Lair:1)
  A black mamba (D:10)
  2 cane toads
  2 rime drakes
  4 komodo dragons
  3 trolls
  A polar bear (Lair:1)
  Grinder (D:6)
  A meliai (Lair:3)
  10 blink frogs (Lair:2)
  Sigmund (D:2)
  11 yaks
  2 wyverns
  2 steam dragons
  2 basilisks
  A small abomination (Abyss:1)
  Duvessa (D:5)
  A sky beast (D:7)
  6 water moccasins
  4 black bears (Lair:1)
  3 ice beasts
  3 orc warriors
  2 large abominations (Abyss:1)
  2 ogres
  9 wolves
  3 phantoms
  2 centaurs
  12 bullfrogs
  5 kobold brigands
  A scorpion (Lair:2)
  9 wights
  Dowan (D:5)
  10 killer bees
  2 howler monkeys
  5 hounds
  3 jellies
  An orc priest (D:8)
  7 iguanas
  10 orc wizards
  4 gnolls (D:4)
  9 adders
  4 white imps
  A worm (D:2)
  3 dart slugs
  26 orcs
  9 endoplasms
  2 giant cockroaches
  7 goblins
  6 hobgoblins
  6 jackals
  4 quokkas
  7 ball pythons
  7 bats
  4 frilled lizards
  32 kobolds
  A rat (D:3)
  A butterfly (Lair:2)
291 creatures vanquished.

Vanquished Creatures (others)
  A human (D:5)
1 creature vanquished.

Grand Total: 292 creatures vanquished

Notes
Turn   | Place    | Note
-------+----------+-------------------------------------------
     0 | D:1      | qw the Gargoyle Fighter began the quest for the Orb.
     0 | D:1      | Reached XP level 1. HP: 14/14 MP: 1/1
     0 | D:1      | 0 ||| qw: Version: 0.2-a-97-g6b18286
     0 | D:1      | 0 ||| qw: Game counter: 18
     0 | D:1      | 0 ||| qw: Always use a shield: true
     0 | D:1      | 0 ||| qw: God list: Okawaru
     0 | D:1      | 0 ||| qw: Allow faded altars: false
     0 | D:1      | 0 ||| qw: Do Orc after D:15 true
     0 | D:1      | 0 ||| qw: Do second Lair branch before Depths: true
     0 | D:1      | 0 ||| qw: Lair rune preference: random
     0 | D:1      | 0 ||| qw: Plans: Normal, Zot:1-4, God:TSO, Crypt, Tomb,
                  | Pan, Slime:5, Hells, Abyss, Win
     0 | D:1      | 0 ||| PLANNING D:1-11
    21 | D:1      | Reached skill level 2 in Axes
   164 | D:1      | Reached XP level 2. HP: 19/19 MP: 2/2
   327 | D:1      | 327 ||| Stepping ~*~*~tactically~*~*~ (stealth).
   328 | D:1      | 328 ||| Stepping ~*~*~tactically~*~*~ (stealth).
   329 | D:1      | 329 ||| Stepping ~*~*~tactically~*~*~ (stealth).
   576 | D:1      | Reached skill level 3 in Axes
   885 | D:1      | Reached XP level 3. HP: 22/23 MP: 3/3
  1017 | D:1      | 1017 ||| UPGRADING to +0 helmet.
  1022 | D:1      | 1022 ||| UPGRADING to ring of resist corrosion.
  1023 | D:1      | 1023 ||| UPGRADING to ring of positive energy.
  1024 | D:1      | 1024 ||| READING 2 scrolls labelled PAYJAI XURUTYS.
  1028 | D:1      | 1028 ||| READING 2 scrolls labelled NYUMPI KYVADD.
  1029 | D:1      | 1029 ||| READING scroll of brand weapon.
  1029 | D:1      | 1029 ||| BRANDING +0 war axe of venom.
  1030 | D:1      | 1030 ||| DROPPING +0 club.
  1031 | D:1      | 1031 ||| READING scroll labelled QUNAJ LIFEIB.
  1132 | D:1      | 1132 ||| READING scroll labelled VOIRHA JOWINWI.
  1133 | D:1      | 1133 ||| READING scroll labelled QATUNW NULE.
  1134 | D:1      | 1134 ||| DRINKING 2 green potions.
  1189 | D:2      | Found Punes's Weapon Shoppe.
  1382 | D:2      | 1382 ||| Stepping ~*~*~tactically~*~*~ (stealth).
  1384 | D:2      | 1384 ||| Stepping ~*~*~tactically~*~*~ (stealth).
  1400 | D:2      | 1400 ||| Stepping ~*~*~tactically~*~*~ (stealth).
  1587 | D:2      | 1587 ||| Stepping ~*~*~tactically~*~*~ (stealth).
  1590 | D:2      | Reached skill level 1 in Throwing
  1615 | D:2      | Noticed Sigmund
  1618 | D:2      | Reached XP level 4. HP: 18/28 MP: 4/4
  1627 | D:2      | HP: 6/28 [Sigmund/+0 scythe (6)]
  1628 | D:2      | 1628 ||| READING scroll of teleportation.
  1629 | D:2      | 1629 ||| DRINKING potion of heal wounds.
  1663 | D:2      | Found a faded altar of an unknown god.
  1767 | D:2      | 1767 ||| Stepping ~*~*~tactically~*~*~ (hiding).
  1768 | D:2      | 1768 ||| Stepping ~*~*~tactically~*~*~ (hiding).
  1771 | D:2      | 1771 ||| Stepping ~*~*~tactically~*~*~ (hiding).
  1773 | D:2      | 1773 ||| Stepping ~*~*~tactically~*~*~ (hiding).
  1782 | D:2      | Killed Sigmund
  1783 | D:2      | Reached skill level 5 in Axes
  1783 | D:2      | Reached XP level 5. HP: 25/32 MP: 5/5
  1783 | D:2      | Reached XP level 6. HP: 29/37 MP: 6/6
  1935 | D:2      | 1935 ||| UPGRADING to +0 pair of gloves.
  1940 | D:2      | 1940 ||| UPGRADING to +0 chain mail.
  1950 | D:2      | 1950 ||| DROPPING +0 scale mail.
  1951 | D:2      | 1951 ||| READING scroll labelled ZANLAANU OCWIA.
  2041 | D:3      | 2041 ||| Stepping ~*~*~tactically~*~*~ (stealth).
  2139 | D:3      | 2139 ||| Stepping ~*~*~tactically~*~*~ (stealth).
  2455 | D:3      | 2455 ||| Stepping ~*~*~tactically~*~*~ (hiding).
  2539 | D:3      | 2539 ||| READING scroll labelled EQEICA RUEFOCK.
  2540 | D:3      | 2540 ||| READING scroll labelled COWOAX XUFOTH.
  2541 | D:3      | 2541 ||| READING scroll labelled GUDOGH TIUKEA.
  2542 | D:3      | 2542 ||| DRINKING 2 sapphire potions.
  2543 | D:3      | 2543 ||| READING 2 scrolls of identify.
  2543 | D:3      | 2543 ||| IDENTIFYING clear potion
  2544 | D:3      | 2544 ||| DROPPING potion of degeneration.
  2563 | D:4      | 2563 ||| Stepping ~*~*~tactically~*~*~ (stealth).
  2564 | D:4      | 2564 ||| Stepping ~*~*~tactically~*~*~ (stealth).
  2615 | D:4      | Found a staircase to the Ecumenical Temple.
  2616 | D:4      | 2616 ||| PLANNING TEMPLE
  2617 | D:4      | 2617 ||| UPGRADING to +0 kite shield.
  2627 | D:4      | 2627 ||| DROPPING +0 buckler.
  2628 | D:4      | 2628 ||| UPGRADING to +6 ring of strength.
  2630 | D:4      | 2630 ||| UPGRADING to ring of resist corrosion.
  2639 | Temple   | Entered the Ecumenical Temple
  2673 | Temple   | 2673 ||| PLANNING OKAWARU WORSHIP
  2788 | Temple   | Became a worshipper of Warmaster Okawaru
  2788 | Temple   | 2788 ||| PLANNING D:1-11
  2855 | D:4      | 2855 ||| Stepping ~*~*~tactically~*~*~ (hiding).
  2945 | D:4      | 2945 ||| Stepping ~*~*~tactically~*~*~ (hiding).
  2946 | D:4      | 2946 ||| Stepping ~*~*~tactically~*~*~ (hiding).
  2957 | D:4      | HP: 5/38 [gnoll/+0 spear (8)]
  2958 | D:4      | 2958 ||| READING scroll of teleportation.
  2958 | D:4      | HP: 2/38 [gnoll/+0 spear (1)]
  2959 | D:4      | 2959 ||| DRINKING 2 potions of heal wounds.
  3187 | D:4      | Reached XP level 7. HP: 43/43 MP: 7/7
  3220 | D:4      | 3220 ||| Stepping ~*~*~tactically~*~*~ (stealth).
  3369 | D:4      | 3369 ||| Stepping ~*~*~tactically~*~*~ (stealth).
  3376 | D:4      | 3376 ||| READING scroll of enchant weapon.
  3376 | D:4      | 3376 ||| ENCHANTING +1 war axe of flaming.
  3488 | D:4      | Found Ejeneith's Magic Scroll Emporium.
  3491 | D:4      | 3491 ||| BUYING scroll of identify (28 gold).
  3491 | D:4      | Bought a scroll of identify for 28 gold pieces
  3491 | D:4      | 3491 ||| BUYING scroll of identify (28 gold).
  3491 | D:4      | Bought a scroll of identify for 28 gold pieces
  3491 | D:4      | 3491 ||| BUYING scroll of identify (28 gold).
  3491 | D:4      | Bought a scroll of identify for 28 gold pieces
  3491 | D:4      | 3491 ||| BUYING scroll of identify (28 gold).
  3491 | D:4      | Bought a scroll of identify for 28 gold pieces
  3627 | D:4      | 3627 ||| DRINKING 2 brown potions.
  3628 | D:4      | 3628 ||| READING 5 scrolls of identify.
  3628 | D:4      | 3628 ||| IDENTIFYING black potion
  3629 | D:4      | 3629 ||| READING 4 scrolls of identify.
  3629 | D:4      | 3629 ||| IDENTIFYING glowing pink potion
  3630 | D:4      | 3630 ||| READING 3 scrolls of identify.
  3630 | D:4      | 3630 ||| IDENTIFYING glowing purple potion
  3631 | D:4      | 3631 ||| DROPPING potion of flight.
  3632 | D:4      | 3632 ||| DROPPING potion of berserk rage.
  3633 | D:4      | 3633 ||| DROPPING potion of invisibility.
  3660 | D:5      | Entered Level 5 of the Dungeon
  3664 | D:5      | Reached * piety under Okawaru
  3692 | D:5      | 3692 ||| Stepping ~*~*~tactically~*~*~ (hiding).
  3701 | D:5      | Reached skill level 1 in Invocations
  3755 | D:5      | 3755 ||| Stepping ~*~*~tactically~*~*~ (stealth).
  3760 | D:5      | 3760 ||| INVOKING Heroism.
  3763 | D:5      | Noticed Duvessa
  3766 | D:5      | Noticed Dowan
  3768 | D:5      | Reached skill level 6 in Axes
  3774 | D:5      | 3774 ||| INVOKING Heroism.
  3775 | D:5      | Killed Duvessa
  3776 | D:5      | Reached skill level 6 in Shields
  3778 | D:5      | Killed Dowan
  3779 | D:5      | Reached XP level 8. HP: 48/48 MP: 6/9
  3787 | D:5      | 3787 ||| Stepping ~*~*~tactically~*~*~ (stealth).
  3853 | D:5      | Reached skill level 1 in Dodging
  3935 | D:5      | 3935 ||| INVOKING Heroism.
  3980 | D:5      | Found Wujubani's Hydra Hut.
  3984 | D:5      | Noticed a five-headed hydra
  3988 | D:5      | 3988 ||| SHOPLISTING +2 broad axe of flaming (268 gold,
                  | have 133).
  4144 | D:5      | Found an ancient bone altar of Kikubaaqudgha.
  4496 | D:5      | 4496 ||| READING 4 scrolls of identify.
  4496 | D:5      | 4496 ||| IDENTIFYING ruby potion
  4567 | D:6      | 4567 ||| Stepping ~*~*~tactically~*~*~ (stealth).
  4569 | D:6      | 4569 ||| Stepping ~*~*~tactically~*~*~ (stealth).
  4570 | D:6      | 4570 ||| Stepping ~*~*~tactically~*~*~ (stealth).
  4676 | D:6      | Found a bloodstained altar of Trog.
  4705 | D:6      | 4705 ||| INVOKING Heroism.
  4708 | D:6      | Reached skill level 3 in Invocations
  4731 | D:6      | Noticed Grinder
  4732 | D:6      | 4732 ||| INVOKING Heroism.
  4736 | D:6      | Paralysed by Grinder for 3 turns
  4745 | D:6      | Killed Grinder
  4746 | D:6      | Reached skill level 7 in Axes
  4869 | D:6      | Found a hazy altar of Hepliaklqana.
  4900 | D:6      | Found a white marble altar of Elyvilon.
  4923 | D:6      | Found a blossoming altar of Fedhas.
  4948 | D:6      | 4948 ||| INVOKING Heroism.
  4957 | D:6      | Reached XP level 9. HP: 54/54 MP: 10/12
  5052 | D:6      | 5052 ||| Stepping ~*~*~tactically~*~*~ (hiding).
  5183 | D:6      | Found a glowing golden altar of the Shining One.
  5460 | D:6      | 5460 ||| UPGRADING to +2 pair of boots.
  5465 | D:6      | 5465 ||| READING scroll labelled COEDIT IFFINUC.
  5466 | D:6      | 5466 ||| READING 4 scrolls of identify.
  5466 | D:6      | 5466 ||| IDENTIFYING silvery potion
  5467 | D:6      | 5467 ||| READING 3 scrolls of identify.
  5467 | D:6      | 5467 ||| IDENTIFYING coppery potion
  5468 | D:6      | 5468 ||| DROPPING potion of brilliance.
  5549 | D:7      | 5549 ||| Stepping ~*~*~tactically~*~*~ (stealth).
  5552 | D:7      | 5552 ||| Stepping ~*~*~tactically~*~*~ (hiding).
  5555 | D:7      | 5555 ||| Stepping ~*~*~tactically~*~*~ (hiding).
  5678 | D:7      | Reached ** piety under Okawaru
  5701 | D:7      | 5701 ||| Stepping ~*~*~tactically~*~*~ (stealth).
  5726 | D:7      | Reached skill level 8 in Axes
  5749 | D:7      | Reached skill level 6 in Fighting
  5848 | D:7      | 5848 ||| Stepping ~*~*~tactically~*~*~ (stealth).
  5858 | D:7      | 5858 ||| Stepping ~*~*~tactically~*~*~ (stealth).
  5902 | D:7      | Reached *** piety under Okawaru
  6190 | D:7      | 6190 ||| DROPPING +2 pair of boots.
  6191 | D:7      | 6191 ||| UPGRADING to +0 cloak.
  6196 | D:7      | 6196 ||| UPGRADING to +2 helmet.
  6206 | D:7      | 6206 ||| DROPPING +0 helmet.
  6372 | D:8      | 6372 ||| INVOKING Heroism.
  6391 | D:8      | 6391 ||| Stepping ~*~*~tactically~*~*~ (hiding).
  6396 | D:8      | 6396 ||| INVOKING Heroism.
  6431 | D:8      | 6431 ||| Stepping ~*~*~tactically~*~*~ (stealth).
  6564 | D:8      | Found Bieh's General Store.
  6567 | D:8      | 6567 ||| SHOPLISTING ring of willpower (375 gold, have
                  | 362).
  6567 | D:8      | 6567 ||| BUYING scroll of enchant weapon (112 gold).
  6567 | D:8      | Bought a scroll of enchant weapon for 112 gold pieces
  6567 | D:8      | 6567 ||| READING scroll of enchant weapon.
  6567 | D:8      | 6567 ||| ENCHANTING +2 war axe of flaming.
  6666 | D:8      | Reached XP level 10. HP: 60/60 MP: 13/13
  6932 | D:8      | 6932 ||| DROPPING +6 ring of intelligence.
  6960 | D:9      | 6960 ||| INVOKING Heroism.
  6965 | D:9      | Reached skill level 9 in Axes
  7000 | D:9      | 7000 ||| Stepping ~*~*~tactically~*~*~ (stealth).
  7017 | D:9      | 7017 ||| INVOKING Heroism.
  7135 | D:9      | 7135 ||| Stepping ~*~*~tactically~*~*~ (hiding).
  7137 | D:9      | 7137 ||| Stepping ~*~*~tactically~*~*~ (hiding).
  7138 | D:9      | 7138 ||| Stepping ~*~*~tactically~*~*~ (hiding).
  7139 | D:9      | 7139 ||| Stepping ~*~*~tactically~*~*~ (hiding).
  7140 | D:9      | 7140 ||| Stepping ~*~*~tactically~*~*~ (hiding).
  7142 | D:9      | 7142 ||| Stepping ~*~*~tactically~*~*~ (hiding).
  7219 | D:9      | 7219 ||| Stepping ~*~*~tactically~*~*~ (stealth).
  7221 | D:9      | 7221 ||| Stepping ~*~*~tactically~*~*~ (stealth).
  7224 | D:9      | 7224 ||| Stepping ~*~*~tactically~*~*~ (stealth).
  7247 | D:9      | 7247 ||| Stepping ~*~*~tactically~*~*~ (stealth).
  7252 | D:9      | 7252 ||| Stepping ~*~*~tactically~*~*~ (stealth).
  7254 | D:9      | 7254 ||| Stepping ~*~*~tactically~*~*~ (hiding).
  7260 | D:9      | 7260 ||| INVOKING Heroism.
  7350 | D:9      | 7350 ||| Stepping ~*~*~tactically~*~*~ (hiding).
  7353 | D:9      | 7353 ||| Stepping ~*~*~tactically~*~*~ (hiding).
  7354 | D:9      | 7354 ||| Stepping ~*~*~tactically~*~*~ (hiding).
  7358 | D:9      | Reached skill level 9 in Shields
  7363 | D:9      | 7363 ||| INVOKING Heroism.
  7450 | D:9      | Noticed a two-headed ogre
  7451 | D:9      | 7451 ||| INVOKING Heroism.
  7457 | D:9      | Killed a two-headed ogre
  7588 | D:9      | 7588 ||| UPGRADING to +0 plate armour.
  7598 | D:9      | 7598 ||| DROPPING +0 chain mail.
  7599 | D:9      | 7599 ||| READING scroll labelled LYJONYI VIPYKOEDUE.
  7617 | D:10     | Entered Level 10 of the Dungeon
  7666 | D:10     | Found Kuanishi's Assorted Antiques.
  7674 | D:10     | 7674 ||| BUYING fuming brown potion (29 gold).
  7674 | D:10     | Bought a fuming brown potion for 29 gold pieces
  7674 | D:10     | 7674 ||| BUYING golden potion (29 gold).
  7674 | D:10     | Bought a golden potion for 29 gold pieces
  7674 | D:10     | 7674 ||| BUYING potion of curing (99 gold).
  7674 | D:10     | Bought a potion of curing for 99 gold pieces
  7674 | D:10     | 7674 ||| BUYING potion of lignification (99 gold).
  7674 | D:10     | Bought a potion of lignification for 99 gold pieces
  7674 | D:10     | 7674 ||| BUYING scroll labelled IPOUST AVYKH (33 gold).
  7674 | D:10     | Bought a scroll labelled IPOUST AVYKH for 33 gold pieces
  7732 | D:10     | 7732 ||| INVOKING Heroism.
  7794 | D:10     | 7794 ||| Stepping ~*~*~tactically~*~*~ (hiding).
  7802 | D:10     | Reached skill level 6 in Armour
  7976 | D:10     | 7976 ||| INVOKING Heroism.
  8074 | D:10     | Found a staircase to the Lair.
  8165 | D:10     | 8165 ||| PLANNING LAIR
  8165 | D:10     | 8165 ||| DROPPING +4 chain mail.
  8166 | D:10     | 8166 ||| READING scroll labelled IPOUST AVYKH.
  8167 | D:10     | 8167 ||| DRINKING 2 fizzy orange potions.
  8168 | D:10     | 8168 ||| READING 6 scrolls of identify.
  8168 | D:10     | 8168 ||| IDENTIFYING fuming brown potion
  8169 | D:10     | 8169 ||| READING 5 scrolls of identify.
  8169 | D:10     | 8169 ||| IDENTIFYING golden potion
  8170 | D:10     | 8170 ||| DROPPING potion of ambrosia.
  8223 | Lair:1   | Entered Level 1 of the Lair of Beasts
  8227 | Lair:1   | Noticed a catoblepas
  8228 | Lair:1   | 8228 ||| INVOKING Heroism.
  8234 | Lair:1   | Reached skill level 10 in Axes
  8234 | Lair:1   | Noticed a black mamba
  8235 | Lair:1   | Noticed Erica
  8242 | Lair:1   | Killed a catoblepas
  8242 | Lair:1   | Reached **** piety under Okawaru
  8243 | Lair:1   | Reached XP level 11. HP: 44/69 MP: 12/14
  8245 | Lair:1   | 8245 ||| STAIRDANCE
  8256 | D:10     | 8256 ||| INVOKING Heroism.
  8376 | Lair:1   | 8376 ||| STAIRDANCE
  8485 | Lair:1   | 8485 ||| STAIRDANCE
  8486 | Lair:1   | 8486 ||| INVOKING Heroism.
  8490 | Lair:1   | Killed Erica
  8512 | Lair:1   | 8512 ||| INVOKING Heroism.
  8558 | Lair:1   | 8558 ||| Stepping ~*~*~tactically~*~*~ (stealth).
  8559 | Lair:1   | 8559 ||| Stepping ~*~*~tactically~*~*~ (stealth).
  8575 | Lair:1   | 8575 ||| INVOKING Heroism.
  8580 | Lair:1   | Reached skill level 6 in Invocations
  8589 | Lair:1   | Received a gift from Okawaru
  8589 | Lair:1   | Reached ***** piety under Okawaru
  8785 | Lair:1   | 8785 ||| Stepping ~*~*~tactically~*~*~ (stealth).
  8786 | Lair:1   | 8786 ||| Stepping ~*~*~tactically~*~*~ (stealth).
  8787 | Lair:1   | 8787 ||| Stepping ~*~*~tactically~*~*~ (stealth).
  8790 | Lair:1   | 8790 ||| Stepping ~*~*~tactically~*~*~ (stealth).
  8792 | Lair:1   | 8792 ||| Stepping ~*~*~tactically~*~*~ (stealth).
  8793 | Lair:1   | 8793 ||| Stepping ~*~*~tactically~*~*~ (stealth).
  8797 | Lair:1   | 8797 ||| Stepping ~*~*~tactically~*~*~ (stealth).
  8805 | Lair:1   | Reached skill level 11 in Axes
  8873 | Lair:1   | 8873 ||| Stepping ~*~*~tactically~*~*~ (stealth).
  9314 | Lair:1   | 9314 ||| DROPPING ring of positive energy.
  9315 | Lair:1   | 9315 ||| UPGRADING to +5 ring of evasion.
  9317 | Lair:1   | 9317 ||| UPGRADING to +6 ring of strength.
  9319 | Lair:1   | 9319 ||| READING scroll labelled HOADUN BOAXTYE.
  9354 | Lair:2   | 9354 ||| INVOKING Heroism.
  9363 | Lair:2   | 9363 ||| Stepping ~*~*~tactically~*~*~ (stealth).
  9368 | Lair:2   | 9368 ||| Stepping ~*~*~tactically~*~*~ (stealth).
  9377 | Lair:2   | 9377 ||| INVOKING Heroism.
  9526 | Lair:2   | 9526 ||| INVOKING Heroism.
  9555 | Lair:2   | 9555 ||| Stepping ~*~*~tactically~*~*~ (hiding).
  9563 | Lair:2   | Reached XP level 12. HP: 75/75 MP: 16/18
  9769 | Lair:2   | 9769 ||| INVOKING Heroism.
  9839 | Lair:2   | 9839 ||| INVOKING Heroism.
  9862 | Lair:2   | Noticed a catoblepas
  9870 | Lair:2   | Killed a catoblepas
  9920 | Lair:2   | 9920 ||| Stepping ~*~*~tactically~*~*~ (hiding).
  9925 | Lair:2   | 9925 ||| INVOKING Heroism.
  9931 | Lair:2   | 9931 ||| Stepping ~*~*~tactically~*~*~ (stealth).
  9932 | Lair:2   | 9932 ||| Stepping ~*~*~tactically~*~*~ (stealth).
  9936 | Lair:2   | Reached skill level 9 in Invocations
  9954 | Lair:2   | 9954 ||| INVOKING Heroism.
 10264 | Lair:2   | 10264 ||| INVOKING Heroism.
 10563 | Lair:2   | 10563 ||| READING 2 scrolls labelled SIXTUV GYSAHY.
 10612 | Lair:2   | 10612 ||| DROPPING scroll of torment.
 10646 | Lair:3   | Found a staircase to the Swamp.
 10647 | Lair:3   | 10647 ||| INVOKING Heroism.
 10652 | Lair:3   | Noticed Sonja
 10659 | Lair:3   | Reached skill level 9 in Fighting
 10659 | Lair:3   | 10659 ||| INVOKING Finesse.
 10683 | Lair:3   | HP: 16/76 [Sonja/+0 short sword of distortion (12)]
 10684 | Lair:3   | 10684 ||| READING 8 scrolls of teleportation.
 10685 | Lair:3   | 10685 ||| DRINKING 3 potions of heal wounds.
 10886 | Lair:3   | 10886 ||| Stepping ~*~*~tactically~*~*~ (hiding).
 10915 | Lair:3   | 10915 ||| INVOKING Heroism.
 11025 | Lair:3   | 11025 ||| Stepping ~*~*~tactically~*~*~ (hiding).
 11026 | Lair:3   | 11026 ||| Stepping ~*~*~tactically~*~*~ (hiding).
 11029 | Lair:3   | 11029 ||| INVOKING Heroism.
 11035 | Lair:3   | Reached skill level 9 in Armour
 11040 | Lair:3   | 11040 ||| Stepping ~*~*~tactically~*~*~ (stealth).
 11064 | Lair:3   | Found a hole to the Spider Nest.
 11101 | Lair:3   | 11101 ||| Stepping ~*~*~tactically~*~*~ (stealth).
 11215 | Lair:3   | 11215 ||| INVOKING Finesse.
 11220 | Lair:3   | 11220 ||| INVOKING Heroism.
 11225 | Abyss:1  | Cast into level 1 of the Abyss (Sonja)
 11282 | Abyss:1  | 11282 ||| Stepping ~*~*~tactically~*~*~ (stealth).
 11296 | Abyss:1  | 11296 ||| Stepping ~*~*~tactically~*~*~ (stealth).
 11323 | Abyss:1  | 11323 ||| INVOKING Heroism.
 11395 | Abyss:1  | Noticed a quicksilver dragon
 11396 | Abyss:1  | 11396 ||| Stepping ~*~*~tactically~*~*~ (stealth).
 11398 | Abyss:1  | 11398 ||| INVOKING Heroism.
 11402 | Abyss:1  | HP: 15/76 [quicksilver dragon (8)]
 11403 | Abyss:1  | 11403 ||| READING 7 scrolls of teleportation.
 11404 | Abyss:1  | 11404 ||| DRINKING 2 potions of heal wounds.
 11407 | Abyss:1  | 11407 ||| READING 6 scrolls of teleportation.
 11407 | Abyss:1  | HP: 14/76 [quicksilver dragon/bolt of dispelling energy
                  | (1)]
 11408 | Abyss:1  | 11408 ||| READING 5 scrolls of teleportation.
 11409 | Abyss:1  | 11409 ||| DRINKING potion of heal wounds.
 11413 | Abyss:1  | HP: 4/76 [quicksilver dragon/bolt of dispelling energy
                  | (29)]
 11414 | Abyss:1  | 11414 ||| READING 4 scrolls of teleportation.
 11416 | Abyss:1  | Killed from afar by an efreet

Levels and vault maps discovered:
D:1:      dpeg_arrival_more_subterranean_lakeside_camping, layout_basic,
          dreamdust_mushroom_princess
D:2:      layout_basic, shapermc_ecumenical_altar_notcrosses, serial_shops,
          shop, serial_bayou_ford_a, kennysheep_generic_room_4, uniq_sigmund
D:3:      layout_basic, minivault_11
D:4:      layout_loops_ring, minmay_temple_entry_statues, serial_shops,
          nicolae_shop_rolled_up
D:5:      lemuel_ice_spiral_2, layout_basic, tgw_kikubaaqudgha,
          doesnt_shop_hydraphobe, uniq_duvessa
D:6:      layout_basic, general_overflow_altar,
          nicolae_overflow_quartered_altars, uniq_grinder
D:7:      layout_basic
D:8:      layout_gridville, serial_shops, nicolae_shop_real_fake_doors,
          hangedman_abyss_or_decor_stabs
D:9:      layout_rooms
D:10:     layout_rooms, lair_entry_dummy, serial_shops, shop
Temple:   nicolae_temple_bog_church
Lair:1:   layout_long_grid, beast_lair_carwin_7, grunt_megastairs_3, uniq_erica
Lair:2:   layout_layer_cave, lemuel_fruit_fields, lemuel_fruit_fields
Lair:3:   layout_roguey, skrybe_swamp_entry_bodies,
          hellmonk_spider_entry_not_the_bees, pf_torpor_hydra, uniq_sonja,
          uniq_nessos
Abyss:1:  base:
D:7

Skill      XL: |  1  2  3  4  5  6  7  8  9 10 11 12 |
---------------+-------------------------------------+-----
Axes           | 2 3 5 6 7 8 10 11 | 11.5
Throwing       | 1 |  1.8
Fighting       | 4 5 6 8 9 |  9.1
Shields        | 4 6 8 9 10 | 10.1
Invocations    | 2 4 8 10 | 10.0
Dodging        | 1 2 |  2.0
Armour         | 5 7 8 9 |  9.0

Action                     |  1- 3 |  4- 6 |  7- 9 | 10-12 || total
---------------------------+-------+-------+-------+-------++-------
  Melee: War axe           |    89 |   108 |   220 |   392 ||   809
  Throw: Javelin           |     7 |    27 |       |     6 ||    40
         Boomerang         |       |    10 |    58 |    77 ||   145
 Invoke: Heroism           |       |       |     8 |    26 ||    34
         Finesse           |       |       |       |     2 ||     2
    Use: Scroll            |     6 |     7 |     9 |    11 ||    33
         Potion            |     1 |     3 |     1 |     4 ||     9
 Armour: Scale mail        |    49 |    18 |       |       ||    67
         Chain mail        |       |    48 |   119 |    43 ||   210
         Plate armour      |       |       |       |   216 ||   216
  Dodge: Dodged            |    45 |    47 |    52 |   156 ||   300
  Block: Buckler           |    15 |    12 |       |       ||    27
         Kite shield       |       |    20 |    81 |   251 ||   352

Table legend:
 A = Non-vault XP
 B = Vault XP
 C = Vault XP percentage of total XP
 D = Non-vault monster count
 E = Vault monster count
 F = Vault count percentage of total count
                 A         B        C        D         E       F
            +---------+---------+-------+---------+---------+-------
      Total |   24041 |    4976 |  17.1 |     265 |      25 |   8.6
            +---------+---------+-------+---------+---------+-------
        D:1 |      36 |       0 |   0.0 |      21 |       0 |   0.0
        D:2 |      68 |     224 |  76.7 |      19 |       2 |   9.5
        D:3 |      63 |       0 |   0.0 |      21 |       0 |   0.0
        D:4 |     343 |       0 |   0.0 |      28 |       0 |   0.0
        D:5 |     405 |     220 |  35.2 |      17 |       2 |  10.5
        D:6 |     917 |     277 |  23.2 |      16 |       1 |   5.9
        D:7 |    1459 |       0 |   0.0 |      29 |       0 |   0.0
        D:8 |     677 |       0 |   0.0 |       8 |       0 |   0.0
        D:9 |    2648 |       0 |   0.0 |      29 |       0 |   0.0
       D:10 |    1610 |     452 |  21.9 |      19 |       1 |   5.0
     Lair:1 |    5729 |    1882 |  24.7 |      18 |      11 |  37.9
     Lair:2 |    6233 |       0 |   0.0 |      23 |       0 |   0.0
     Lair:3 |    2768 |    1921 |  41.0 |      13 |       8 |  38.1
    Abyss:1 |    1085 |       0 |   0.0 |       4 |       0 |   0.0
            +---------+---------+-------+---------+---------+-------
